[Event "*** Titled Tuesday Blitz"]
[Site "Chess.com"]
[Date "2020.02.04"]
[Round "4"]
[White "Raspadsistema"]
[Black "mitrabhaa"]
[Result "1-0"]
[WhiteElo "2801"]
[BlackElo "2562"]
[TimeControl "180+2"]
[EndTime "13:47:27 PST"]
[Termination "Raspadsistema won on time"]

1. e4 c6 2. d4 d5 3. e5 Bf5 4.
h4 h5 5. c4 e6 6. Nc3 Ne7 7. Nge2 Nd7 8. Ng3 Bg6 9. Bg5 Qb6 10. Rc1 dxc4 11. Bxc4 O-O-O 12. Na4 Qa5+ 13. Bd2 Qc7 14. O-O Nb6 15. Ba5 1-0

[Event "*** Titled Tuesday Blitz"]
[Site "Chess.com"]
[Date "2020.02.04"]
[Round "4"]
[White "Zq1"]
[Black "Perecke"]
[Result "1-0"]
[WhiteElo "2547"]
[BlackElo "2279"]
[TimeControl "180+2"]
[EndTime "13:47:40 PST"]
[Termination "Zq1 won by resignation"]

1. d4 d5 2. c4 e6 3. Nc3 Nf6 4. Nf3 Be7 5. g3 dxc4 6. Bg2 O-O 7. Ne5 c5 8. dxc5 Bxc5 9. Qxd8 Rxd8 10. Nxc4 Nc6 11. Bxc6 bxc6 12. Be3 Bb4 13. Ne5 Bxc3+ 14. bxc3 Bb7 15. O-O Nd5 16. c4 Nxe3 17. fxe3 f6 18. Nd3 e5 19. Nc5 Rab8 20. Rfd1 Kf7 21. Rxd8 1-0

[Event "*** Titled Tuesday Blitz"]
[Site "Chess.com"]
[Date "2020.02.04"]
[Round "4"]
[White "Region_07"]
[Black "Playgood28"]
[Result "1-0"]
[WhiteElo "2487"]
[BlackElo "2274"]
[TimeControl "180+2"]
[EndTime "13:47:42 PST"]
[Termination "Region_07 won by checkmate"]

1. d4 f5 2. g4 fxg4 3. h3 d5 4. hxg4 Nf6 5. Qd3 Nc6 6. Nf3 Bxg4 7. Bf4 e6 8. a3 Bf5 9. Qd1 Bd6 10. Bg5 Qd7 11. Nc3 O-O-O 12. e3 h6 13. Bf4 g5 14. Bh2 Rdf8 15. Bb5 Bg4 16. Be2 Bxh2 17. Rxh2 Ne4 18. Nxe4 dxe4 19. Nd2 Bxe2 20. Qxe2 e5 21. O-O-O exd4 22. Nxe4 Qe6 23. Nc5 Qe5 24. Qb5 Nd8 25. Rxd4 Qxh2 26. Rxd8+ Kxd8 27. Qd7# 1-0

[Event "*** Titled Tuesday Blitz"]
[Site "Chess.com"]
[Date "2020.02.04"]
[Round "4"]
[White "SHIVACalypso"]
[Black "arminmusovic"]
[Result "0-1"]
[WhiteElo "2226"]
[BlackElo "2529"]
[TimeControl "180+2"]
[EndTime "13:47:52 PST"]
[Termination "arminmusovic won by resignation"]

1. Nf3 a6 2. c4 e6 3. g3 d5 4. Bg2 dxc4 5. a4 Nd7 6. Qc2 Ngf6 7. O-O Be7 8. Na3 O-O 9. Nxc4 Nb6 10. Nxb6 cxb6 11. d4 Bd7 12. Bf4 Rc8 13. Qd3 Bc6 14.
Ne5 Bxg2 15. Kxg2 Qd5+ 16. Kg1 Rfd8 17. Nf3 Qh5 18. h4 Nd5 19. Bd2 h6 20. e4 Nf6 21.
Rac1 Qg4 22. Rxc8 Rxc8 23. Re1 Qh5 24. Bf4 Qa5 25. Ra1 Qb4 26. Qd2 Qb3 27. e5 Qxf3 0-1

[Event "*** Titled Tuesday Blitz"]
[Site "Chess.com"]
[Date "2020.02.04"]
[Round "4"]
[White "Sutormin_DA"]
[Black "vova-79"]
[Result "1-0"]
[WhiteElo "2610"]
[BlackElo "2457"]
[TimeControl "180+2"]
[EndTime "13:47:59 PST"]
[Termination "Sutormin_DA won on time"]

1. e4 e6 2. d4 d5 3. Nc3 dxe4 4. Nxe4 Nd7 5. Nf3 Ngf6 6. Bd3 c5 7. Be3 Nxe4 8. Bxe4 Nf6 9. Bd3 Qc7 10. Qe2 Be7 11.
O-O-O O-O 12. g4 b6 13. Ne5 Bb7 14. Rhg1 Rad8 15. g5 Nd5 16. Bxh7+ Kxh7 17. Qh5+ Kg8 18. Rg3 Nxe3 19. Rh3 1-0

[Event "*** Titled Tuesday Blitz"]
[Site "Chess.com"]
[Date "2020.02.04"]
[Round "4"]
[White "bazar-wokzal"]
[Black "aa175"]
[Result "1-0"]
[WhiteElo "2535"]
[BlackElo "2267"]
[TimeControl "180+2"]
[EndTime "13:47:59 PST"]
[Termination "bazar-wokzal won by resignation"]

1. e4 c5 2. c3 Nf6 3. e5 Nd5 4. Bc4 Nb6 5. Bb3 Nc6 6. Nf3 d5 7. exd6 Qxd6 8. d4 cxd4 9. Na3 e6 10. Nb5 Qd8 11. Bf4 e5 12. Nxe5 Qe7 13. O-O Nxe5 14. Bxe5 Kd8 15. Bc7+ Kd7 16. Qxd4+ Kc6 17. Bd6 Qg5 18.
a4 Bh3 19. Qe4+ Nd5 20. Bg3 Be6 21. c4 1-0

[Event "*** Titled Tuesday Blitz"]
[Site "Chess.com"]
[Date "2020.02.04"]
[Round "4"]
[White "Borsuk_Konstantin"]
[Black "colegiodemadrid"]
[Result "1-0"]
[WhiteElo "2532"]
[BlackElo "2365"]
[TimeControl "180+2"]
[EndTime "13:47:59 PST"]
[Termination "Borsuk_Konstantin won by resignation"]

1. d4 Nf6 2. c4 c5 3. d5 b5 4.
cxb5 a6 5. b6 d6 6. Nc3 Nbd7 7.
Nf3 Rb8 8. Nd2 g6 9. e4 Bg7 10. a4 Nxb6 11. Be2 O-O 12. O-O Nfd7 13. Ra3 Na8 14. Nc4 Rb4 15. Na2 Rb8 16. Qd2 Bd4 17. Na5 Ne5 18. Kh1 Rb4 19. f4 Qxa5 20. fxe5 Bxe5 21. Nxb4 Qxb4 22. Qxb4 cxb4 23. Ra2 a5 24. b3 f5 25. Rc2 Bb7 26. Bh6 Rf7 27. exf5 Bxd5 28. Rc8+ 1-0

[Event "*** Titled Tuesday Blitz"]
[Site "Chess.com"]
[Date "2020.02.04"]
[Round "4"]
[White "TheBigBadChessDad"]
[Black "LADIESGET2KNOWME"]
[Result "0-1"]
[WhiteElo "2319"]
[BlackElo "2503"]
[TimeControl "180+2"]
[EndTime "13:47:59 PST"]
[Termination "LADIESGET2KNOWME won by checkmate"]

1. d4 Nf6 2. Nf3 e6 3. Bf4 b6 4. e3 Bb7 5. Nbd2 Be7 6. h3 O-O 7. Bd3 c5 8. c3 d6 9. Qe2 Nbd7 10. O-O Qc7 11. Bh2 Rfe8 12. e4 Nf8 13. e5 dxe5 14. dxe5 Nd5 15. Ne4 Ng6 16. Bc2 Red8 17. Nd6 Ndf4 18.
Bxf4 Nxf4 19. Qe3 Bxd6 20. exd6 Qxd6 21. Rad1 Qc7 22. Ng5 h6 23. Ne4 f5 24. g3 Nxh3+ 25. Kh2 Rxd1 26. Rxd1 Ng5 27. Nxg5 hxg5 28. Qxg5 Qc6 29.
Rg1 Qf3 30. Qe3 Qh5# 0-1

[Event "*** Titled Tuesday Blitz"]
[Site "Chess.com"]
[Date "2020.02.04"]
[Round "4"]
[White "bascheyaro"]
[Black "ChainsOfFantasia"]
[Result "1-0"]
[WhiteElo "2815"]
[BlackElo "2501"]
[TimeControl "180+2"]
[EndTime "13:48:04 PST"]
[Termination "bascheyaro won by resignation"]

1. d4 Nf6 2. Nf3 e6 3. c4 d5 4.
Nc3 dxc4 5. Bg5 Bb4 6. e3 h6 7.
Bxf6 Qxf6 8. Bxc4 O-O 9. O-O b6 10. Ne4 Qe7 11. a3 Bb7 12. Qc2 Bd6 13. b4 Nd7 14. Bb5 Nf6 15. Bc6 Bxc6 16. Nxf6+ Qxf6 17. Qxc6 a5 18. b5 Rfe8 19. a4 e5 20. dxe5 Bxe5 21. Nxe5 Qxe5 22. Rad1 Rad8 23. g3 h5 24. h4 g6 25. Rc1 Re7 26. Rfd1 Rxd1+ 27. Rxd1 Kg7 28. Rd4 Re6 29. Qc4 Rd6 30. Qxc7 Re6 31. Qd8 Qc5 32.
Kg2 Rf6 33. Rd2 Qc4 34. Qd4 Qe6 35. e4 Kh7 36. f4 Qb3 37. Qxf6 Qe3 38. Qd4 1-0

[Event "*** Titled Tuesday Blitz"]
[Site "Chess.com"]
[Date "2020.02.04"]
[Round "4"]
[White "Dynamikus"]
[Black "Konavets"]
[Result "0-1"]
[WhiteElo "2779"]
[BlackElo "3013"]
[TimeControl "180+2"]
[EndTime "13:48:09 PST"]
[Termination "Konavets won by resignation"]

1. d4 Nf6 2. c4 e6 3. Nf3 b6 4.
g3 Ba6 5. b3 Be7 6. Bg2 O-O 7.
O-O d5 8. cxd5 exd5 9. Nc3 c6 10. Bf4 Nbd7 11. Rc1 Rc8 12. Rc2 Re8 13. Ne5 Nxe5 14. Bxe5 Nd7 15. Bf4 Bb4 16. Re1 Nf6 17. Bd2 Qd6 18.
Nb1 Ne4 19. Bxb4 Qxb4 20. e3 c5 21. dxc5 bxc5 22. Bf1 Bxf1 23. Rxf1 Rcd8 24. Qe1 Qb7 25. f3 Ng5 26. Rxc5 h6 27. Kg2 d4 28. e4 Nxe4 29.
Rc1 Nc3 0-1

[Event "*** Titled Tuesday Blitz"]
[Site "Chess.com"]
[Date "2020.02.04"]
[Round "4"]
[White "SoltaniciR"]
[Black "ChadBiryani"]
[Result "0-1"]
[WhiteElo "2477"]
[BlackElo "2315"]
[TimeControl "180+2"]
[EndTime "13:48:09 PST"]
[Termination "ChadBiryani won by resignation"]

1. e4 e5 2. Nf3 Nf6 3. Nxe5 Nc6 4. Nxc6 dxc6 5. d3 Bc5 6. Be2 h5 7. Be3 Bxe3 8. fxe3 Ng4 9. Qd2 Qh4+ 10. g3 Qf6 11. Bxg4 Qxb2 12. Bxc8 Qxa1 13. Bd7+ Kxd7 14. O-O Qe5 15. Rxf7+ Ke8 16. Rf5 Qe7 17. d4 Kd7 18. Nc3 Raf8 19. Ra5 h4 20. d5 c5 21. Qe2 hxg3 22.
Qg4+ Kd8 23. hxg3 Qf6 0-1

[Event "*** Titled Tuesday Blitz"]
[Site "Chess.com"]
[Date "2020.02.04"]
[Round "4"]
[White "Kobalia"]
[Black "ElHelvetico"]
[Result "1-0"]
[WhiteElo "2645"]
[BlackElo "2688"]
[TimeControl "180+2"]
[EndTime "13:48:16 PST"]
[Termination "Kobalia won by resignation"]

1. e4 c5 2. Nf3 d6 3. Bb5+ Nd7 4. O-O a6 5. Bd3 Ngf6 6. c3 e6 7. Bc2 b5 8. d4 Bb7 9. Qe2 Be7 10. Re1 Qc7 11. Bd3 e5 12. dxe5 dxe5 13. c4 b4 14.
Nbd2 Nf8 15. Bc2 Ne6 16. Ba4+ Kf8 17. Nf1 h5 18. Ne3 Bxe4 19. Nd5 Nxd5 20. Qxe4 Nb6 21. Nxe5 Bf6 22. Nd7+ Ke7 23. Bf4 Qc8 1-0

[Event "*** Titled Tuesday Blitz"]
[Site "Chess.com"]
[Date "2020.02.04"]
[Round "4"]
[White "ruvat"]
[Black "HashtagChess"]
[Result "1-0"]
[WhiteElo "2404"]
[BlackElo "1621"]
[TimeControl "180+2"]
[EndTime "13:48:18 PST"]
[Termination "ruvat won by resignation"]

1. d4 d5 2. c4 c6 3. Nf3 Nf6 4. Qc2 e6 5. g3 Nbd7 6. Bg2 Be7 7. O-O O-O 8. Nbd2 b6 9. e4 dxe4 10. Nxe4 Bb7 11. Rd1 Rc8 12. Bf4 Nxe4 13. Qxe4 Nf6 14.
Qe2 Bd6 15. Ne5 Qc7 16. a3 Rfd8 17. b4 c5 18. Bxb7 Qxb7 19. dxc5 bxc5 20. b5 Ne4 21.
Qf3 f6 22. Nc6 Rxc6 23. Qxe4 Rb6 24. Qxb7 Rxb7 25. Rxd6 Rxd6 26. Bxd6 1-0

[Event "*** Titled Tuesday Blitz"]
[Site "Chess.com"]
[Date "2020.02.04"]
[Round "4"]
[White "LivajaM"]
[Black "VladDobrov"]
[Result "0-1"]
[WhiteElo "2400"]
[BlackElo "2894"]
[TimeControl "180+2"]
[EndTime "13:48:19 PST"]
[Termination "VladDobrov won by resignation"]

1. d4 Nf6 2. Bg5 e6 3. Nf3 h6 4. Bh4 c5 5. c3 Nc6 6. e3 d5 7.
Bd3 Qb6 8. Qb3 c4 9. Qxb6 axb6 10. Bc2 b5 11. O-O b4 12. Nbd2 b5 13. Rfb1 Nd7 14. e4 Nb6 15. Bg3 Be7 16. Bc7 Ra6 17. Bxb6 Rxb6 18. exd5 exd5 19. a4 bxc3 20. bxc3 b4 21. a5 Ra6 22. Ba4 bxc3 23. Bb5 cxd2 24. Nxd2 Kd7 25.
Nf3 Kc7 26. Bxa6 Bxa6 27. Rb6 Ra8 28. Re1 Bd6 29. Ra1 Bc8 30. h3 Bf5 31. Rb5 Be4 32. a6 Ra7 33. Nd2 Nxd4 34. Rb7+ Rxb7 35. axb7 Bd3 36.
Ra6 c3 37. Rxd6 cxd2 0-1

[Event "*** Titled Tuesday Blitz"]
[Site "Chess.com"]
[Date "2020.02.04"]
[Round "4"]
[White "Gogolev_Artemy"]
[Black "peixe64"]
[Result "1-0"]
[WhiteElo "2510"]
[BlackElo "2343"]
[TimeControl "180+2"]
[EndTime "13:48:23 PST"]
[Termination "Gogolev_Artemy won by resignation"]

1. d4 Nf6 2. c4 e6 3. g3 d5 4. Bg2 Be7 5. Nf3 O-O 6. O-O b6 7.
cxd5 exd5 8. Nc3 Bb7 9. Bf4 Bd6 10. Ne5 a6 11. Rc1 Re8 12. Bg5 c6 13. e4 dxe4 14. Nxe4 Be7 15. Be3 Nd5 16. Qb3 f6 17. Nd3 Nd7 18. Nc3 Nf8 19. Nf4 Kh8 20. Ncxd5 cxd5 21. Nxd5 Bxd5 22. Bxd5 Rb8 23. Bf7 1-0

[Event "*** Titled Tuesday Blitz"]
[Site "Chess.com"]
[Date "2020.02.04"]
[Round "4"]
[White "iturrizaga"]
[Black "quesfr"]
[Result "1-0"]
[WhiteElo "2854"]
[BlackElo "2057"]
[TimeControl "180+2"]
[EndTime "13:48:40 PST"]
[Termination "iturrizaga won by resignation"]

1. Nf3 d5 2. c4 e6 3. g3 Nf6 4.
Bg2 Be7 5. O-O O-O 6. d4 c6 7. Nc3 b6 8. b3 Ba6 9. Bb2 dxc4 10. bxc4 Bxc4 11. Ne5 Ba6 12. Bxc6 Nxc6 13. Nxc6 Qe8 14. Qa4 Bc8 15. Nxe7+ Qxe7 16. Ba3 Qb7 17. Bxf8 Kxf8 18. Nb5 Bd7 19. Rac1 Kg8 20. Qb3 Bc6 21. Qc4 Bg2 22. Rfe1 Bh3 23. Qc6 Qxc6 24. Rxc6 h6 25. Nd6 Nd5 26. a3 1-0

[Event "*** Titled Tuesday Blitz"]
[Site "Chess.com"]
[Date "2020.02.04"]
[Round "4"]
[White "norwaytoadog"]
[Black "FredddieCroderg"]
[Result "1-0"]
[WhiteElo "2294"]
[BlackElo "2097"]
[TimeControl "180+2"]
[EndTime "13:48:41 PST"]
[Termination "norwaytoadog won by resignation"]

1. e4 c6 2. d4 d5 3. e5 Bf5 4. Nf3 e6 5. Be2 Nd7 6. O-O Bg6 7. Nbd2 Nh6 8. Nb3 Be7 9. a4 O-O 10. Bd2 Nf5 11. g4 Nh4 12. Nxh4 Bxh4 13. f4 f5 14. g5 h6 15. gxh6 gxh6 16. Bh5 Kh7 17. Kh1 Rg8 18. Rg1 Qe7 19. Bxg6+ Rxg6 20. Qh5 Rag8 21. Be3 Qd8 22. a5 Be7 23. Nd2 Qe8 24.
Rxg6 Qxg6 25. Qxg6+ Rxg6 26. c4 Bb4 27. a6 b6 28. cxd5 exd5 29. Nf3 Nf8 30. Rc1 Nd7 31. Nh4 c5 32. Nxg6 Kxg6 33. e6 Nf6 34. dxc5 1-0

[Event "*** Titled Tuesday Blitz"]
[Site "Chess.com"]
[Date "2020.02.04"]
[Round "4"]
[White "gemarin"]
[Black "victormago"]
[Result "0-1"]
[WhiteElo "2093"]
[BlackElo "2423"]
[TimeControl "180+2"]
[EndTime "13:48:42 PST"]
[Termination "victormago won on time"]

1. d4 Nf6 2. c4 c5 3. d5 e6 4.
Nc3 exd5 5. cxd5 d6 6. e4 g6 7. h3 Bg7 8. Nf3 O-O 9. Be2 a6 10. a4 Nbd7 11. O-O Nh5 12. Bg5 Bf6 13. Bh6 Ng7 14.
Bf4 Qe7 15. Re1 Re8 16. Bf1 Nh5 17. Bh2 Ne5 18. Nxe5 Bxe5 19. Bxe5 Qxe5 20. g3 Bd7 21. a5 Re7 22. Bg2 Rae8 23. Kh2 Qg7 24. Qb3 Bc8 25.
Re3 f5 26. exf5 Rxe3 27. fxe3 Rxe3 28. Qb6 Qe7 29. fxg6 hxg6 30. Rf1 Nxg3 0-1

[Event "*** Titled Tuesday Blitz"]
[Site "Chess.com"]
[Date "2020.02.04"]
[Round "4"]
[White "Astaneh"]
[Black "ChessBitl"]
[Result "1-0"]
[WhiteElo "2557"]
[BlackElo "2373"]
[TimeControl "180+2"]
[EndTime "13:48:46 PST"]
[Termination "Astaneh won on time"]

1. Nf3 d5 2. c4 dxc4 3. Qa4+ Qd7 4. Qxc4 Qc6 5. Qxc6+ Nxc6 6. Nc3 e5 7. a3 Nf6 8. d3 Bg4 9. Bg5 Be7 10. Rc1 h6 11.
Bxf6 Bxf6 12. Nd5 Bd8 13. b4 a6 14. Ne3 Be6 15. g3 O-O 16. Bg2 Be7 17. Rxc6 bxc6 18. Nxe5 Bf6 19. Nxc6 Rac8 20. Nd5 Bxd5 21. Bxd5 Rfe8 22.
Kd2 Bb2 23. Rb1 Bf6 24. e4 g5 25. f4 gxf4 26. gxf4 Kf8 27. e5 Bg7 28. d4 h5 29. Kd3 Bh6 30. Ke4 Kg7 31. Rg1+ Kf8 32. f5 Ra8 33. f6 1-0

[Event "*** Titled Tuesday Blitz"]
[Site "Chess.com"]
[Date "2020.02.04"]
[Round "4"]
[White "Anton_Demchenko"]
[Black "CrushingKings"]
[Result "1-0"]
[WhiteElo "2954"]
[BlackElo "2164"]
[TimeControl "180+2"]
[EndTime "13:49:04 PST"]
[Termination "Anton_Demchenko won by resignation"]

1. e4 c6 2. Nf3 g6 3. d3 Bg7 4. g3 d5 5. Qe2 Nd7 6. Bg2 e5 7. O-O Ne7 8. b4 O-O 9. a4 a5 10. bxa5 Qxa5 11. Nbd2 Qc7 12. Ba3 Re8 13. Nb3 Rxa4 14. Bd6 Qxd6 15. Rxa4 d4 16. Raa1 c5 17.
Bh3 Nc6 18. Nbd2 b5 19. Rfb1 Qb8 20. Ne1 Nf8 21. Bxc8 Rxc8 22. Ng2 Ne6 23. Qd1 Bh6 24. h4 Qb7 25. Nb3 Qc7 26. Nd2 Rb8 27. Nf3 f5 28. Qe2 f4 29. Nh2 Bg7 30. Qg4 Qf7 31. Ra6 h5 32. Qh3 fxg3 33. fxg3 Qb7 34. Qxe6+ 1-0

[Event "*** Titled Tuesday Blitz"]
[Site "Chess.com"]
[Date "2020.02.04"]
[Round "4"]
[White "Majkelopulos"]
[Black "cottage_cheese"]
[Result "1-0"]
[WhiteElo "2491"]
[BlackElo "2279"]
[TimeControl "180+2"]
[EndTime "13:49:11 PST"]
[Termination "Majkelopulos won by resignation"]

1. e4 e5 2. Nc3 Nf6 3. g3 Nc6 4. Bg2 Bc5 5. Nge2 O-O 6. O-O a6 7. h3 d6 8. d3 h6 9. Kh2 Nd4 10. f4 exf4 11. Bxf4 Re8 12. Qd2 Nxe2 13. Nxe2 Nh7 14.
d4 Bb6 15. Rf2 c6 16. Raf1 f5 17. exf5 Bxf5 18. Bxh6 Bxh3 19. Bxh3 gxh6 20. Qxh6 Qg5 21. Qxd6 Rad8 22. Qf4 Qh5 23. Qg4+ Qxg4 24. Bxg4 Bxd4 25. Nxd4 Rxd4 26. Bh5 Re5 27. Bg6 Ng5 28. Bd3 Rd6 29. Rf8+ Kg7 30. Rb8 Re7 31. Kg2 Ne6 32. Rh1 Nc5 33.
Rh7+ Kf6 34. Rf8+ Ke6 35. Bf5+ 1-0

[Event "*** Titled Tuesday Blitz"]
[Site "Chess.com"]
[Date "2020.02.04"]
[Round "4"]
[White "Irishchessman16"]
[Black "masterofpuppets2"]
[Result "0-1"]
[WhiteElo "2251"]
[BlackElo "2472"]
[TimeControl "180+2"]
[EndTime "13:49:20 PST"]
[Termination "masterofpuppets2 won by resignation"]

1. e4 e5 2. Nf3 Nc6 3. d4 exd4 4. Nxd4 Nf6 5. Nxc6 bxc6 6. e5 Qe7 7. Qe2 Nd5 8.
h4 f6 9. c4 Ba6 10. Rh3 Nb6 11. exf6 Qxe2+ 12. Bxe2 Bxc4 13. Bh5+ g6 14. Bg4 Kf7 15. h5 Re8+ 16. Kd1 Bc5 17. Nd2 Bd4 18. Nxc4 Nxc4 19. hxg6+ hxg6 20. Bxd7 Rd8 21. Rxh8 Rxh8 22. Bxc6 Kxf6 23. Bf4 Rh1+ 24. Kc2 Rxa1 25. Kd3 Be5 0-1

[Event "*** Titled Tuesday Blitz"]
[Site "Chess.com"]
[Date "2020.02.04"]
[Round "4"]
[White "AnnaChessLook"]
[Black "XiaoKangZhong"]
[Result "0-1"]
[WhiteElo "2246"]
[BlackElo "2350"]
[TimeControl "180+2"]
[EndTime "13:49:20 PST"]
[Termination "XiaoKangZhong won by resignation"]

1. Nf3 Nf6 2. g3 g6 3. Bg2 Bg7 4. O-O O-O 5. c4 c5 6. Nc3 Nc6 7. d3 d5 8. cxd5 Nxd5 9. Qa4 Nc7 10. Qh4 Nd4 11. Nxd4 cxd4 12. Ne4 Nd5 13. Bg5 f6 14. Bh6 Bf5 15. Bxg7 Kxg7 16. Rac1 Rc8 17. a3 Rxc1 18.
Rxc1 g5 19. Nxg5 fxg5 20. Qxg5+ Kh8 21. Rc5 e6 22. Qh6 Rf6 23. Rxd5 exd5 24. Qg5 Rf8 25.
g4 Qxg5 0-1

[Event "*** Titled Tuesday Blitz"]
[Site "Chess.com"]
[Date "2020.02.04"]
[Round "4"]
[White "jefferyx"]
[Black "kleinebeer98"]
[Result "1/2-1/2"]
[WhiteElo "2930"]
[BlackElo "2708"]
[TimeControl "180+2"]
[EndTime "13:49:22 PST"]
[Termination "Game drawn by repetition"]

1. c4 e5 2. Nc3 Nf6 3. Nf3 Nc6 4. a3 g6 5. d3 Bg7 6. g3 d5 7. Bg5 dxc4 8. dxc4 O-O 9. Qxd8 Rxd8 10. Nd5 Nxd5 11. Bxd8 Nxd8 12. cxd5 e4 13. Nd2 Bxb2 14. Rb1 Bxa3 15.
Nxe4 a5 16. Bg2 Bb4+ 17. Kd1 f5 18. Nf6+ Kf8 19. Nxh7+ Ke7 20. h4 Bd7 21. h5 gxh5 22. Rxh5 Ba4+ 23. Kc1 Ba3+ 24. Kd2 Bb4+ 25. Kc1 Ba3+ 26.
Kd2 Bb4+ 27. Ke3 Bc5+ 28. Kf3 Bc2 29. Rg1 Nf7 30. Ng5 Ne5+ 31. Kf4 Ng6+ 32. Kf3 Ne5+ 33. Kf4 Ng6+ 34. Kf3 Ne5+ 1/2-1/2

[Event "*** Titled Tuesday Blitz"]
[Site "Chess.com"]
[Date "2020.02.04"]
[Round "4"]
[White "Schachmalanders"]
[Black "Justmig"]
[Result "0-1"]
[WhiteElo "2283"]
[BlackElo "2655"]
[TimeControl "180+2"]
[EndTime "13:49:22 PST"]
[Termination "Justmig won by resignation"]

1. e4 c6 2. d4 d5 3. Nc3 dxe4 4. Nxe4 Bf5 5. Ng3 Bg6 6. h4 h6 7. Nf3 e6 8. h5 Bh7 9. Bd3 Bxd3 10. Qxd3 Nf6 11.
Bd2 Be7 12. O-O-O O-O 13. Kb1 c5 14. Bc3 Nc6 15. Ne4 cxd4 16. Nxd4 Nxd4 17. Bxd4 Qa5 18.
Nxf6+ Bxf6 19. Bxf6 gxf6 20. Qf3 f5 21. Rh3 Rad8 22. a3 Rxd1+ 23. Qxd1 Rd8 24. Rd3 Rxd3 25.
cxd3 Qd5 26. g3 Qd4 27. Qd2 Kg7 28. Qc3 Qxc3 29. bxc3 Kf6 30. f4 Ke7 31. Kc2 Kd6 32. d4 Kd5 33. Kd3 b5 34. a4 a6 35. axb5 axb5 36.
Kc2 Kc4 37. Kd2 b4 38. cxb4 Kxd4 39. Ke2 Kc4 40. Ke3 Kxb4 41. Kd4 f6 0-1

[Event "*** Titled Tuesday Blitz"]
[Site "Chess.com"]
[Date "2020.02.04"]
[Round "4"]
[White "Vuk2000"]
[Black "Philosopherrr"]
[Result "1-0"]
[WhiteElo "2686"]
[BlackElo "2448"]
[TimeControl "180+2"]
[EndTime "13:49:25 PST"]
[Termination "Vuk2000 won by resignation"]

1. e4 e5 2. Nf3 Nc6 3. d4 exd4 4.
Nxd4 Qf6 5. Nxc6 Bc5 6. Qf3 dxc6 7. Bc4 Qxf3 8. gxf3 Ne7 9. Be3 Bxe3 10. fxe3 Be6 11. Bxe6 fxe6 12. Nd2 O-O 13. Ke2 Ng6 14. h4 Ne5 15. f4 Ng4 16. h5 Rf7 17. Rag1 Nf6 18. e5 Nd5 19. h6 g6 20. Ne4 b6 21. Rd1 c5 22. a3 c4 23. Rd4 Kf8 24. Ng5 Ke7 25.
Nxf7 Kxf7 26. Rxc4 c5 27. b4 Rc8 28. bxc5 b5 29. Rd4 Rxc5 30. Rc1 Rc3 31. Rd3 Rc4 32.
Kd2 g5 33. Rd4 gxf4 34. Rxc4 fxe3+ 35. Kd3 bxc4+ 36. Kxc4 Kg6 37. Kd3 Kf5 38. c4 Nf4+ 39. Kxe3 Kxe5 40. Rg1 Nh5 41. Rg5+ 1-0

[Event "*** Titled Tuesday Blitz"]
[Site "Chess.com"]
[Date "2020.02.04"]
[Round "4"]
[White "Gusarov91"]
[Black "Shant_Sargsyan"]
[Result "0-1"]
[WhiteElo "2620"]
[BlackElo "2989"]
[TimeControl "180+2"]
[EndTime "13:49:26 PST"]
[Termination "Shant_Sargsyan won by resignation"]

1. d4 Nf6 2. Nf3 d5 3. c4 e6 4. Nc3 Bb4 5. Bg5 dxc4 6. e3 b5 7. a3 Bxc3+ 8. bxc3 a6 9. a4 c6 10.
Qb1 Nbd7 11. Be2 h6 12. Bh4 Nb6 13. Ne5 Nxa4 14. Nxc6 Qc7 15. Bf3 Bb7 16. Bg3 Qc8 17. Rxa4 Bxc6 18. Ra2 O-O 19. e4 Qb7 20. Re2 a5 21.
O-O b4 22. cxb4 axb4 23. Bd6 b3 24. Bxf8 Rxf8 25. Rc1 Bb5 26. d5 exd5 27. exd5 Qb8 28. Rd2 Qf4 29. Qb2 Ra8 30. Rd4 Qe5 31. d6 Ra2 32. Qc3 Rc2 33. Rxc2 bxc2 34. Rxc4 Bxc4 0-1

[Event "*** Titled Tuesday Blitz"]
[Site "Chess.com"]
[Date "2020.02.04"]
[Round "4"]
[White "Chessalary"]
[Black "AliKa2810"]
[Result "0-1"]
[WhiteElo "2185"]
[BlackElo "2629"]
[TimeControl "180+2"]
[EndTime "13:49:30 PST"]
[Termination "AliKa2810 won by resignation"]

1. e4 c6 2. d4 d5 3. Nd2 dxe4 4. Nxe4 Nd7 5. Nf3 Ngf6 6. Ng3 e6 7. Bd3 c5 8. O-O cxd4 9. Nxd4 Bc5 10. Nb3 Bb6 11.
Bg5 O-O 12. Ne4 h6 13. Bh4 g5 14. Bg3 Nxe4 15. Bxe4 f5 16. Qh5 Qf6 17. Bd6 fxe4 18. Bxf8 Nxf8 19. Rad1 Bd7 20. Nd2 Bc6 21. Rde1 Rd8 22.
Nxe4 Bxe4 23. Rxe4 Rd2 24. Re2 Rxe2 25. Qxe2 Qxb2 26.
Qe4 Qxa2 27. Kh1 Qd5 28. Qg4 Qf5 29. Qh5 Kg7 30. h4 g4 31. Qe8 g3 32. Qd7+ Nxd7 0-1

[Event "*** Titled Tuesday Blitz"]
[Site "Chess.com"]
[Date "2020.02.04"]
[Round "4"]
[White "AleksanderHnydiuk"]
[Black "Korchmar_Vasiliy"]
[Result "0-1"]
[WhiteElo "2557"]
[BlackElo "2790"]
[TimeControl "180+2"]
[EndTime "13:49:31 PST"]
[Termination "Korchmar_Vasiliy won by resignation"]

1. Nf3 d5 2. d4 Nf6 3. c4 c6 4.
cxd5 cxd5 5. Nc3 Nc6 6. Bf4 Nh5 7. Bd2 g6 8. Ne5 Nxe5 9. dxe5 Bg7 10. Bg5 d4 11. Qa4+ b5 12. Nxb5 Bd7 13. Qb3 O-O 14.
Nxd4 Bxe5 15. Nf3 Be6 16. Qa4 Bxb2 17. Rb1 Bc3+ 18. Bd2 Rc8 19. e3 Bd7 20. Qb3 Bf5 21. Rd1 Bxd2+ 22. Rxd2 Rc1+ 23. Rd1 Qa5+ 24. Nd2 Rd8 0-1

[Event "*** Titled Tuesday Blitz"]
[Site "Chess.com"]
[Date "2020.02.04"]
[Round "4"]
[White "goldenspine"]
[Black "politeplayer"]
[Result "0-1"]
[WhiteElo "2326"]
[BlackElo "2148"]
[TimeControl "180+2"]
[EndTime "13:49:31 PST"]
[Termination "politeplayer won by resignation"]

1. d4 Nf6 2. c4 e6 3. Nc3 c5 4. d5 exd5 5. cxd5 d6 6. Bf4 g6 7. e3 a6 8. a4 Bg7 9. Nf3 O-O 10.
Be2 Nh5 11. Bg5 Qb6 12. Qc2 f6 13. Bh4 g5 14. Bg3 g4 15. Nd2 Qc7 16. Nc4 Nxg3 17. hxg3 f5 18. Bxg4 Bxc3+ 19. bxc3 fxg4 20. Nxd6 Qe7 21. Nxc8 Rxc8 22. Qf5 Nd7 23. d6 Qg7 24. Rh5 Qxc3+ 25. Ke2 Qb2+ 26. Kd3 c4+ 27. Ke4 Re8+ 28. Kf4 Rf8 29. Rg5+ Kh8 30. Rh1 Qe5+ 31. Kxg4 Rxf5 32. Rxf5 Rg8+ 0-1

[Event "*** Titled Tuesday Blitz"]
[Site "Chess.com"]
[Date "2020.02.04"]
[Round "4"]
[White "David_Paravyan"]
[Black "cmpassgall"]
[Result "0-1"]
[WhiteElo "2850"]
[BlackElo "2574"]
[TimeControl "180+2"]
[EndTime "13:49:34 PST"]
[Termination "cmpassgall won by resignation"]

1. f4 d5 2. Nf3 g6 3. g3 Bg7 4. Bg2 c5 5. O-O Nc6 6. d3 Nh6 7. c3 d4 8. e4 dxe3 9. Bxe3 Qb6 10. b4 Nxb4 11. cxb4 Bxa1 12. Bxc5 Qd8 13. d4 b6 14. Nbd2 Bc3 15. Ne4 bxc5 16. Nxc3 cxb4 17. Ne5 bxc3 18. Qa4+ Kf8 19. Bxa8 Kg7 20. Rc1 Qb6 21. Be4 Bf5 22.
Bc6 Rd8 23. Kh1 Rxd4 24. Qa3 Qb2 25. Qxc3 Rd1+ 26. Rxd1 Qxc3 27. Bf3 0-1